 Dungeon Crawl Stone Soup version 0.19.0-20-gbc5f0c6 (webtiles) character file.

798 Haldmier the Chiller (level 7, -1/45 HPs)
             Began as a High Elf Ice Elementalist on Nov 16, 2016.
             Slain by a hippogriff (9 damage)
             ... on level 5 of the Dungeon on Nov 17, 2016.
             The game lasted 00:23:51 (6129 turns).

Haldmier the Chiller (High Elf Ice Elementalist)    Turns: 6129, Time: 00:23:52

Health: -1/45      AC: 11    Str:  9    XL:     7   Next: 58%
Magic:  3/12       EV: 13    Int: 20    God:
Gold:   184        SH:  0    Dex: 15    Spells: 4 memorised, 1 level left

rFire  . . .     SeeInvis .     a - +2 dagger (venom)
rCold  . . .     Gourm    .     r - +0 robe
rNeg   . . .     Faith    .     (no shield)
rPois  .         Spirit   .     (no helmet)
rElec  .         Reflect  .     H - +1 cloak
rCorr  +         Harm     .     h - +0 pair of gloves
MR     .....                    (no boots)
Stlth  ++........               (no amulet)
                                v - ring of resist corrosion
                                m - ring of flight

@: icy armour, slow
A: no striking features
a: Evoke Flight


You were on level 5 of the Dungeon.
You were not hungry.

You visited 1 branch of the dungeon, and saw 5 of its levels.

You collected 184 gold pieces.

Inventory:

Hand Weapons
 a - a +2 dagger of venom (weapon)
 b - a +1 dagger of protection
 o - a +0 spear
 A - a +0 dagger of speed
 C - a +4 dagger
Armour
 g - a +0 leather armour
 h - a +0 pair of gloves (worn)
 r - a +0 robe (worn)
 t - a +0 ring mail
 H - a +1 cloak (worn)
Jewellery
 m - a ring of flight (left hand)
 v - a ring of resist corrosion (right hand)
Scrolls
 i - 3 scrolls of identify {unknown}
 n - 2 scrolls of remove curse {unknown}
 s - 3 scrolls of fog {unknown}
 u - 2 scrolls of random uselessness {unknown}
 y - 2 scrolls of teleportation {unknown}
 z - a scroll of enchant armour {unknown}
 E - a scroll of blinking {unknown}
 F - a scroll of recharging {unknown}
 K - a scroll of amnesia {unknown}
Potions
 d - a potion of beneficial mutation {unknown}
 e - a potion of invisibility {unknown}
 f - 2 potions of haste {unknown}
 j - a potion of lignification {unknown}
 p - a potion of magic {unknown}
 w - 2 potions of resistance {unknown}
 x - a potion of flight {unknown}
 B - a potion of cure mutation {unknown}
 D - a potion of heal wounds {unknown}
 G - a potion of berserk rage {unknown}
Books
 l - a book of Frost

   Spells                             Type                      Level
   a - Freeze                         Ice                          1
   b - Throw Frost                    Conjuration/Ice              2
   c - Ozocubu's Armour               Charms/Ice                   3
   d - Throw Icicle                   Conjuration/Ice              4
   e - Summon Ice Beast               Ice/Summoning                4
Comestibles
 c - 4 bread rations
 k - 2 meat rations
 q - a royal jelly
 I - 4 chunks of flesh
 J - 7 fruits


   Skills:
 + Level 2.4 Fighting
 - Level 2.1 Dodging
 - Level 2.1 Stealth
 + Level 2.9 Spellcasting
 + Level 4.4 Conjurations
 - Level 4.0 Charms
 + Level 1.0 Summonings
 + Level 6.3 Ice Magic


You had one spell level left.
You knew the following spells:

 Your Spells              Type           Power        Failure   Level  Hunger
a - Freeze                Ice            ####         1%          1    None
b - Throw Frost           Conj/Ice       ###...       2%          2    ##.....
c - Ozocubu's Armour      Chrm/Ice       ###.....     8%          3    ###....
d - Summon Ice Beast      Ice/Summ       ###.....     38%         4    ####...


Dungeon Overview and Level Annotations

Branches:
Dungeon (5/15)
 Temple: D:4-7

Altars:
Cheibriados

Shops:
D:4 [}


Message History

* * * LOW HITPOINT WARNING * * *
The hippogriff barely misses you.
Casting: Freeze
Confirm with . or Enter, or press ? or * to list all spells.
Aiming: Freeze
Press: ? - help, Shift-Dir - straight line, f/p - hippogriff
Aim: a hippogriff (severely wounded, poisoned)
You freeze the hippogriff.
The hippogriff is almost dead.
The hippogriff barely misses you. x2; The hippogriff claws you.
* * * LOW HITPOINT WARNING * * *
Casting: Freeze
Confirm with . or Enter, or press ? or * to list all spells.
Aiming: Freeze
Press: ? - help, Shift-Dir - straight line, f/p - hippogriff
Aim: a hippogriff (almost dead, poisoned)
You freeze the hippogriff.
The hippogriff is almost dead.
The hippogriff bites you!
You die...

#........ #.#
#....Pā‰ˆā‰ˆ...
######### #.#.#
#.......P.P
#.#.#######.######
#.#.......#.#
#.#######.#.######
#.#.....#.#.#.....
#.#.###.#.#.#.####
#H#.#...#.#.#.#
#@#.#####.#.#.#
#<#.......#.#.#
#.#.#########.#.#
#.............#.#
.....#...........#.#
####.###########.#.#
. #.#.# ## #.#.#
.######.#.#


You could see a hippogriff.

Vanquished Creatures
  2 sky beasts (D:5)
  A black bear (D:4)
  2 orc wizards (D:4)
  A bullfrog skeleton (D:5)
  2 centaur skeletons
  A hound (D:4)
  An orc priest (D:4)
  An iguana (D:5)
  Ijyb (D:4)
  A worker ant (D:5)
  A hound zombie (D:5)
  9 adders
  A gnoll (D:1)
  2 oozes
  4 worms
  2 dart slugs
  5 leopard geckos
  7 orcs (D:4)
  4 giant cockroaches
  13 goblins
  7 hobgoblins
  22 jackals
  2 quokkas
  A ball python (D:1)
  3 bats
  6 frilled lizards
  4 kobolds
  A leopard gecko skeleton (D:4)
  A quokka skeleton (D:5)
  7 rats
115 creatures vanquished.

Notes
Turn   | Place    | Note
-------+----------+-------------------------------------------
     0 | D:1      | Haldmier the High Elf Ice Elementalist began the quest for the Orb.
     0 | D:1      | Reached XP level 1. HP: 11/11 MP: 4/4
   476 | D:1      | Reached XP level 2. HP: 17/17 MP: 3/6
  1078 | D:1      | Learned a level 2 spell: Throw Frost
  1097 | D:1      | Reached skill level 4 in Ice Magic
  1283 | D:1      | Reached XP level 3. HP: 19/21 MP: 2/7
  1466 | D:2      | Learned a level 3 spell: Ozocubu's Armour
  1815 | D:1      | Reached XP level 4. HP: 26/27 MP: 2/8
  2006 | D:2      | Reached skill level 1 in Charms
  2346 | D:3      | Found a snail-covered altar of Cheibriados.
  2923 | D:4      | Reached skill level 5 in Ice Magic
  2923 | D:4      | Reached XP level 5. HP: 5/31 MP: 4/9
  3428 | D:4      | Found Usepu's Gadget Shop.
  3533 | D:4      | Found Kouti's Antique Armour Emporium.
  4016 | D:4      | Reached XP level 6. HP: 34/36 MP: 5/10
  4583 | D:4      | Noticed Ijyb
  4654 | D:4      | Killed Ijyb
  5029 | D:4      | Reached skill level 1 in Fighting
  5056 | D:5      | Entered Level 5 of the Dungeon
  5117 | D:5      | Noticed a sky beast
  5200 | D:5      | Killed a sky beast
  5200 | D:5      | Reached skill level 6 in Ice Magic
  5200 | D:5      | Reached XP level 7. HP: 28/43 MP: 3/11
  5310 | D:5      | Learned a level 4 spell: Summon Ice Beast
  5915 | D:5      | Reached skill level 1 in Summonings
  6114 | D:5      | Noticed a hippogriff
  6129 | D:5      | Slain by a hippogriff

Skill      XL: |  1  2  3  4  5  6  7 |
---------------+----------------------+-----
Ice Magic      | 4 5 6 |  6.3
Conjurations   | 2 3 4 |  4.4
Charms         | 2 3 4 |  4.0
Fighting       | 1 2 |  2.4
Summonings     | 1 |  1.0
Dodging        | |  2.1
Stealth        | |  2.1
Spellcasting   | |  2.9

Action                   |  1- 3 |  4- 6 |  7- 9 || total
-------------------------+-------+-------+-------++-------
Melee: Dagger            |       |    70 |    75 ||   145
Throw: Stone             |     1 |       |       ||     1
 Cast: Freeze            |    57 |   105 |    19 ||   181
       Ozocubu's Armour  |       |     8 |     5 ||    13
       Throw Frost       |       |     4 |       ||     4
 Stab: Sleeping          |       |     5 |     2 ||     7
  Eat: Chunk             |     3 |    12 |     3 ||    18
Armor: Robe              |     7 |    25 |    46 ||    78
Dodge: Dodged            |    20 |    79 |    69 ||   168
